 Dungeon Crawl Stone Soup version 0.23-a0-703-gdf2d5e0 (webtiles) character file.

879 zishaf the Skirmisher (level 8, -9/64 HPs)
             Began as a Formicid Abyssal Knight on Jan 13, 2019.
             Was a Believer of Lugonu.
             Splashed by a jelly's acid (11 damage)
             ... on level 5 of the Dungeon.
             The game lasted 00:08:30 (4572 turns).

zishaf the Skirmisher (Formicid Abyssal Knight)     Turns: 4572, Time: 00:08:31

Health: -9/64      AC:  0    Str: 19    XL:     8   Next: 25%
Magic:  12/12      EV: 12    Int: 12    God:    Lugonu [**....]
Gold:   146        SH:  4    Dex: 10    Spells: 7/7 levels left

rFire    . . .     SeeInvis +   a - +1 spear
rCold    . . .     Gourm    .   (no shield)
rNeg     . . .     Faith    .   s - +2 ring mail {rPois}
rPois    +         Spirit   .   (helmet unavailable)
rElec    .         Reflect  +   (no cloak)
rCorr    .         Harm     .   (no gloves)
MR       .....                  (no boots)
Stlth    ..........             r - +4 amulet of reflection
HPRegen  0.20/turn              h - +1 ring of evasion
MPRegen  0.13/turn              (no ring)

@: lethally poisoned (-9 -> -10), corroded
A: permanent stasis, dig shafts and tunnels, four strong arms, antennae 3
a: Dig, Shaft Self, Depart the Abyss, Bend Space, Renounce Religion


You were on level 5 of the Dungeon.
You worshipped Lugonu.
Lugonu was pleased with you.
You were not hungry.

You visited 1 branch of the dungeon, and saw 5 of its levels.
You visited the Abyss 1 time.

You collected 146 gold pieces.

Inventory:

Hand Weapons
 a - a +1 spear (weapon)
 b - a +0 hunting sling
Missiles
 g - 195 stones (quivered)
 y - 53 sling bullets
Armour
 i - a +0 chain mail
 s - a +2 ring mail of poison resistance (worn)
 t - a +2 chain mail of fire resistance
Jewellery
 h - a +1 ring of evasion (left hand)
 r - a +4 amulet of reflection (around neck)
 v - the amulet of the Komtur {Gourm +Fly rElec rPois Dex-4, unknown}
   (You found it on level 4 of the Dungeon)

   [amulet of the gourmand]

   It allows you to eat raw meat even when not hungry.
   It affects your dexterity (-4).
   It insulates you from electricity.
   It protects you from poison.
   It lets you fly.
 x - an uncursed amulet of harm {unknown}
Wands
 A - a wand of digging (4)
Scrolls
 e - a scroll of summoning {unknown}
 f - 3 scrolls of enchant weapon {unknown}
 j - 2 scrolls of amnesia {unknown}
 m - 2 scrolls of identify {unknown}
 p - a scroll of enchant armour {unknown}
 q - 2 scrolls of random uselessness {unknown}
 u - a scroll of remove curse {unknown}
 w - a scroll of fear {unknown}
Potions
 d - 2 potions of mutation {unknown}
 k - 2 potions of haste {unknown}
 l - 3 potions of brilliance {unknown}
 n - 2 potions of curing {unknown}
 o - a potion of ambrosia {unknown}
 z - 3 potions of cancellation {unknown}
Comestibles
 c - 7 rations


   Skills:
 + Level 5.8 Fighting
 + Level 4.8 Polearms
 + Level 5.2 Armour
 - Level 1.0 Dodging
 + Level 5.6 Invocations


You had 7 spell levels left.
You didn't know any spells.
Your spell library was empty.

Dungeon Overview and Level Annotations

Branches:
Dungeon (5/15)
 Temple: D:4-7

Altars:
Hepliaklqana
Nemelex Xobeh
Okawaru
Sif Muna
Trog
Uskayaw
Vehumet
Xom
The Shining One

Shops:
D:5 =

Annotations:
D:4 2 transporters, giygas6060's ghost, novice TrMo
D:5 1 runed door


Innate Abilities, Weirdness & Mutations

You cannot be hasted, slowed, berserked, paralysed or teleported.
You can dig through walls and to a lower floor.
Your four strong arms can wield two-handed weapons with a shield.
You have a pair of large antennae on your head. (SInv)


Message History

The jelly is heavily wounded.
The jelly barely misses you.
You hit the jelly.
Your hands burn!
The jelly is heavily wounded.
You feel sick. You block the jelly's attack.
You hit the jelly. The acid corrodes you!
Your hands burn!
The jelly is severely wounded.
The jelly hits you. The acid corrodes you!
You are splashed with acid!
The acid burns!
* * * LOW HITPOINT WARNING * * *
You hit the jelly but do no damage.
Your hands burn!
* * * LOW HITPOINT WARNING * * *
The jelly is severely wounded.
You hit the jelly.
Your hands burn!
* * * LOW HITPOINT WARNING * * *
The jelly is severely wounded.
The jelly hits you.
* * * LOW HITPOINT WARNING * * *
You are splashed with acid!
The acid burns!
You die...

#.♣♣ ♣♣# ...♣♣♣♣.+ {
....♣..♣# #..♣.♣♣♣
#♣♣♣♣♣ ### .. ### ####
.# ## #.#
#..#####.#...## ##.##
#..##rJ@.......
##...##
#..##W####...##
......# #..##[### ##
##....# #....J..#♣
......# #........#
#..#>.# ##......((..
#.....# ##..#.....)...
#.#.#.###..##......(..
###.#.................


You could see a phantom, a jelly and a quokka.

Vanquished Creatures
  3 eyes of draining (D:4)
  A phantom (D:5)
  A howler monkey (D:4)
  A bullfrog zombie (D:5)
  A hound (D:4)
  3 orc wizards
  4 worker ants
  A hound skeleton (D:4)
  6 adders
  2 oozes
  5 worms
  3 leopard geckos
  9 orcs
  6 ball pythons
  5 giant cockroaches
  7 goblins
  5 hobgoblins
  5 jackals
  4 quokkas
  6 bats
  4 frilled lizards
  14 kobolds
  A leopard gecko skeleton (D:4)
  5 rats
102 creatures vanquished.

Vanquished Creatures (others)
  An ogre (D:5)
1 creature vanquished.

Grand Total: 103 creatures vanquished

Notes
Turn   | Place    | Note
-------+----------+-------------------------------------------
     0 | Abyss:1  | zishaf the Formicid Abyssal Knight began the quest for the
                  | Orb.
     0 | Abyss:1  | Reached XP level 1. HP: 18/18 MP: 2/2
    14 | Abyss:2  | Found a corrupted altar of Lugonu.
    17 | Abyss:2  | Found a corrupted altar of Lugonu.
    68 | Abyss:2  | Noticed a large abomination
    69 | D:1      | Escaped the Abyss
   306 | D:1      | Reached skill level 1 in Dodging
   353 | D:1      | Reached XP level 2. HP: 17/24 MP: 3/3
   482 | D:1      | Reached * piety under Lugonu
   623 | D:1      | Reached XP level 3. HP: 25/29 MP: 4/4
  1223 | D:2      | Reached XP level 4. HP: 31/37 MP: 6/6
  1558 | D:2      | Reached ** piety under Lugonu
  1733 | D:3      | Reached XP level 5. HP: 37/42 MP: 7/7
  1894 | D:3      | Found a shimmering altar of Xom.
  1896 | D:3      | Found a glowing golden altar of the Shining One.
  1896 | D:3      | Found a radiant altar of Vehumet.
  1908 | D:3      | Found an iron altar of Okawaru.
  1908 | D:3      | Found a sparkling altar of Nemelex Xobeh.
  1908 | D:3      | Found a deep blue altar of Sif Muna.
  2421 | D:3      | Found a faded altar of an unknown god.
  2488 | D:4      | Reached XP level 6. HP: 34/49 MP: 8/8
  2877 | D:4      | Reached *** piety under Lugonu
  2975 | D:4      | Found a transporter.
  2975 | D:4      | Noticed giygas6060's ghost (novice TrMo)
  2996 | D:4      | Noticed an eye of draining
  2999 | D:4      | Found a bloodstained altar of Trog.
  2999 | D:4      | Noticed an eye of draining
  3002 | D:4      | Noticed an eye of draining
  3131 | D:4      | Killed an eye of draining
  3131 | D:4      | Reached XP level 7. HP: 55/55 MP: 0/10
  3153 | D:4      | Reached skill level 5 in Fighting
  3255 | D:4      | Reached skill level 5 in Invocations
  3336 | D:4      | Found a sparkling altar of Nemelex Xobeh.
  3443 | D:4      | Found a transporter.
  3452 | D:4      | Got a pitted steel amulet
  3679 | D:5      | Entered Level 5 of the Dungeon
  3959 | D:5      | Reached XP level 8. HP: 47/63 MP: 10/12
  4074 | D:5      | Reached skill level 5 in Armour
  4214 | D:5      | Found Dixis's Jewellery Boutique.
  4355 | D:5      | Found a hide-covered altar of Uskayaw.
  4355 | D:5      | Found a radiant altar of Vehumet.
  4356 | D:5      | Found a hazy altar of Hepliaklqana.
  4435 | D:5      | Found a runed door.
  4572 | D:5      | HP: 2/64 [jelly (3)]
  4572 | D:5      | Splashed by a jelly's acid

Vault maps used:
D:1:      dpeg_arrival_castle
D:2:      first_ration
D:3:      doesnt_xom_only_xom, chequers_ecumenical_altar_lobes
D:4:      lemuel_doored_altar, gammafunk_ghost_stat_death, trog_eyes_of_draining
D:5:      kennysheep_mini_moat, gammafunk_temple_overflow_claw,
          minmay_temple_entry_proselytizer, eino_tiny_chamber,
          kennysheep_decorative_pillar, minmay_shop_enchanted_jewellery,
          nicolae_ru_great_annihilating_truth, uniq_ijyb,
          uniq_crazy_yiuf_cottage
Abyss:1:  evilmike_abyss_exit_15
Abyss:2:  evilmike_abyss_exit_mutagenic

Skill      XL: |  1  2  3  4  5  6  7  8 |
---------------+-------------------------+-----
Dodging        | 1 |  1.0
Invocations    | 3 4 5 |  5.6
Armour         | 3 4 5 |  5.2
Fighting       | 4 5 |  5.8
Polearms       | 3 4 |  4.8

Action                   |  1- 3 |  4- 6 |  7- 9 || total
-------------------------+-------+-------+-------++-------
Melee: Spear             |   121 |   291 |   204 ||   616
 Fire: Hunting sling     |       |       |    11 ||    11
Throw: Stone             |       |    28 |       ||    28
Invok: Depart the Abyss  |     1 |       |       ||     1
       Banish            |       |       |     1 ||     1
  Eat: Chunk             |     1 |     7 |     2 ||    10
       Ration            |       |       |     1 ||     1
Armor: Ring mail         |    19 |    11 |    40 ||    70
       Leather armour    |     1 |       |       ||     1
       Chain mail        |    29 |   106 |       ||   135
Dodge: Dodged            |    46 |   108 |    75 ||   229
Block: Other             |       |    19 |    20 ||    39

Table legend:
 A = Non-vault XP
 B = Vault XP
 C = Vault XP percentage of total XP
 D = Non-vault monster count
 E = Vault monster count
 F = Vault count percentage of total count
                 A         B        C        D         E       F
            +---------+---------+-------+---------+---------+-------
      Total |     869 |     388 |  30.9 |      98 |       5 |   4.9
            +---------+---------+-------+---------+---------+-------
        D:1 |      33 |       0 |   0.0 |      22 |       0 |   0.0
        D:2 |      97 |       0 |   0.0 |      23 |       0 |   0.0
        D:3 |      58 |       0 |   0.0 |      21 |       0 |   0.0
        D:4 |     309 |     388 |  55.7 |      23 |       5 |  17.9
        D:5 |     372 |       0 |   0.0 |       9 |       0 |   0.0
            +---------+---------+-------+---------+---------+-------
